Map: Incorporeal LE

Players

Ashtray

  • Race: Protoss Protoss
  • League: Silver
  • Spawn Location: 11:00

ManlyManMeat - Winner!

  • Race: Terran Terran
  • Spawn Location: 5:00

VOD

Have the link to the VOD?

Description

Time

  • Played on: May 15, 2025, 3:29 a.m.
  • Length: 20:35
Show
View Real Time Build Order
Export as new Build Order

Ashtray Protoss 

Build Orders:  

Get SALT Encoding   

  12  0:12  Probe  
  12  0:16  Pylon  
  12  0:20  Probe  
  14  0:29  Probe  
  15  0:41  Gateway  
  15  0:55  Gateway  
  15  0:57  Assimilator  
  15  1:06  Probe  
  16  1:21  Probe  
  17  1:25  Assimilator  
  17  1:28  Zealot  
  19  1:37  Probe  
  19  1:39  Cybernetics Core  
  20  1:44  Zealot  
  22  1:48  Pylon  
  22  1:49  Probe  
  23  2:06  Zealot  
  25  2:17  Zealot  
  27  2:24  Robotics Facility  
  27  2:37  Probe  
  27  2:38  Pylon  
  27  2:40  Zealot  
  27  2:43  Warp Gate  
  30  2:52  Probe  
  30  2:56  Zealot  
  33  3:07  Pylon  
  33  3:10  Zealot  
  35  3:28  Probe, Twilight Council  
  36  3:38  Warp Prism  
  38  3:45  Stalker  
  40  4:02  Probe  
  41  4:04  Charge  
  41  4:09  Dark Shrine  
  41  5:26  Stargate  
  41  5:37  Dark Templar  
  41  5:40  Dark Templar  
  41  6:13  Stalker  
  41  6:15  Dark Templar  
  41  6:21  Zealot  
  43  6:32  Nexus  
  43  6:36  Immortal  
  43  6:37  Assimilator  
  47  6:46  Pylon  
  47  7:00  Pylon  
  47  7:05  Stalker x2  
  55  7:10  Void Ray  
  55  7:21  Immortal  
  59  7:29  Stargate  
  59  7:33  Probe  
  60  7:39  Zealot  
  60  7:42  Probe  
  62  7:45  Dark Templar, Probe  
  62  7:50  Probe  
  66  7:55  Probe  
  68  8:00  Probe  
  68  8:03  Probe  
  69  8:08  Dark Templar  
  69  8:12  Probe  
  73  8:15  Assimilator  
  73  8:23  Probe  
  73  8:24  Probe  
  75  8:30  Zealot  
  77  8:37  Probe  
  77  8:38  Pylon  
  78  8:44  Protoss Air Weapons Level 1  
  78  8:45  Probe  
  77  8:53  Probe  
  78  9:02  Void Ray  
  83  9:13  Probe  
  83  9:16  Probe  
  85  9:25  Probe  
  86  9:31  Pylon  
  86  9:42  Nexus  
  86  9:47  Pylon  
  86  9:49  Probe  
  86  9:50  Pylon  
  91  9:55  Void Ray, Zealot  
  91  9:59  Probe  
  94  10:05  Probe  
  95  10:11  Immortal, Probe  
  95  10:13  Stalker  
  95  10:14  Void Ray  
  106  10:17  Probe  
  107  10:28  Fleet Beacon  
  107  10:40  Forge  
  107  10:43  Dark Templar  
  109  10:51  Probe  
  109  10:55  Assimilator  
  114  10:59  Probe  
  114  11:00  Void Ray  
  115  11:05  Pylon  
  115  11:09  Pylon  
  119  11:16  Void Ray  
  119  11:19  Dark Templar  
  119  11:20  Dark Templar  
  119  11:22  Protoss Air Weapons Level 2  
  119  11:23  Archon  
  123  11:29  Probe  
  123  11:30  Pylon  
  124  11:34  Probe  
  125  11:41  Probe  
  125  11:42  Assimilator  
  125  11:46  Probe  
  127  11:48  Probe, Tempest  
  127  11:52  Archon  
  127  11:53  Probe  
  129  11:56  Void Ray  
  129  11:58  Probe  
  129  12:00  Probe  
  139  12:05  Probe  
  139  12:08  Immortal  
  144  12:12  Probe  
  145  12:21  Probe  
  146  12:24  Dark Templar, Protoss Ground Weapons Level 1  
  148  12:36  Gateway  
  132  12:41  Gateway  
  122  12:48  Stalker  
  106  13:07  Tempest  
  114  13:13  Void Ray  
  114  13:20  Probe  
  114  13:22  Stargate  
  115  13:28  Probe, Zealot x2  
  120  13:38  Stargate  
  120  13:42  Immortal  
  124  14:02  Dark Templar  
  124  14:03  Dark Templar x2  
  124  14:04  Dark Templar  
  124  14:08  Flux Vanes, Unknown  
  132  14:13  Tempest  
  140  14:19  Void Ray  
  124  14:35  Void Ray  
  113  14:54  Carrier  
  113  14:56  Zealot  
  113  14:57  Zealot x3  
  104  15:31  Protoss Ground Weapons Level 2  
  104  15:43  Stalker x2  
  104  15:44  Stalker x2  
  57  16:20  Stalker x3  
  57  16:21  Stalker  
  65  16:31  Nexus  
  53  16:50  Zealot  
  53  16:51  Zealot x3  
  61  17:06  Probe  
  62  17:10  Probe  
  63  17:18  Probe  
  63  17:21  Zealot x4  
  63  17:22  Probe  
  73  17:34  Probe  
  74  17:39  Assimilator  
  74  17:42  Pylon, Probe  
  74  17:45  Pylon  
  74  17:46  Probe  
  74  17:50  Probe  
  74  17:51  Probe  
  76  17:54  Probe  
  79  17:59  Probe  
  79  18:00  Probe, Carrier  
  79  18:01  Carrier  
  79  18:03  Probe  
  79  18:04  Zealot x3  
  79  18:05  Zealot  
  101  18:09  Probe  
  101  18:12  Probe, Assimilator  
  104  18:16  Probe  
  105  18:22  Probe  
  105  18:24  Probe  
  105  18:26  Dark Templar  
  109  18:27  Dark Templar x2  
  109  18:34  Probe  
  118  18:36  Probe  
  118  18:40  Void Ray  
  119  18:46  Probe  
  119  18:48  Probe  
  117  19:02  Photon Cannon  
  117  19:03  Probe  
  117  19:06  Probe  
  117  19:07  Photon Cannon  
  119  19:11  Carrier  
  119  19:15  Probe  
  130  19:18  Void Ray  
  80  19:41  Stalker  
  80  19:42  Stalker x3  
  71  20:11  Stalker  
  71  20:12  Stalker  
  71  20:14  Zealot x2  
Show
View Real Time Build Order
Export as new Build Order

ManlyManMeat Terran - Winner!

Build Orders:  

Get SALT Encoding   

  12  0:00  SCV  
  13  0:12  SCV  
  14  0:18  Supply Depot  
  14  0:24  SCV  
  15  0:40  SCV  
  15  0:42  Barracks  
  16  0:46  Refinery  
  16  0:52  SCV  
  17  1:04  SCV  
  18  1:16  SCV  
  19  1:27  Supply Depot  
  19  1:35  Barracks Reactor  
  19  1:39  Orbital Command  
  19  1:52  Command Center  
  19  2:08  SCV  
  20  2:19  Marine x2  
  20  2:21  SCV  
  22  2:26  Factory  
  22  2:30  Barracks  
  22  2:34  SCV  
  23  2:37  Marine  
  23  2:38  Marine  
  25  2:47  SCV  
  26  2:55  Marine  
  26  2:56  Marine  
  26  2:57  Supply Depot  
  28  3:07  Orbital Command  
  28  3:08  Bunker  
  28  3:11  SCV  
  29  3:16  Marine  
  29  3:17  Marine  
  31  3:31  Starport  
  31  3:32  Barracks Tech Lab, Factory Tech Lab  
  31  3:36  Refinery  
  31  3:37  Marine  
  32  3:44  SCV  
  32  3:45  SCV  
  34  3:56  SCV  
  34  4:01  Marauder, Marine x2  
  39  4:04  Siege Tank  
  39  4:09  Starport Tech Lab  
  42  4:16  SCV x2  
  44  4:19  Marine  
  45  4:28  SCV x2  
  47  4:35  Supply Depot, Engineering Bay  
  47  4:38  Marine x2  
  47  4:39  Marauder  
  47  4:44  Siege Tank  
  54  4:57  SCV x2  
  56  5:03  Supply Depot  
  56  5:04  Terran Infantry Weapons Level 1  
  56  5:06  Supply Depot  
  56  5:09  SCV x2  
  58  5:16  Refinery  
  58  5:19  Refinery, Marine x2  
  60  5:21  SCV x2  
  60  5:26  Raven  
  64  5:30  Interference Matrix  
  64  5:38  SCV  
  64  5:39  SCV  
  56  6:08  SCV  
  56  6:09  SCV  
  56  6:10  Marine  
  56  6:11  Marine  
  59  6:20  SCV  
  59  6:21  Missile Turret, SCV  
  59  6:23  Siege Tank  
  66  6:25  Raven  
  66  6:27  Marauder  
  68  6:44  Supply Depot  
  68  6:46  Supply Depot  
  68  6:49  Command Center  
  68  6:53  SCV x2  
  70  6:58  Marine x3  
  73  7:02  Missile Turret x2  
  73  7:05  SCV  
  73  7:06  SCV  
  73  7:08  Barracks  
  75  7:11  Terran Infantry Armor Level 1  
  75  7:16  Marine  
  75  7:18  SCV x2  
  78  7:26  Marine  
  78  7:27  Marine  
  78  7:28  Raven  
  82  7:32  Supply Depot  
  82  7:40  Supply Depot  
  82  7:41  SCV x2  
  84  7:53  SCV x2  
  86  7:58  Engineering Bay  
  86  8:20  Armory  
  86  8:23  Armory  
  86  8:26  Barracks Reactor  
  86  8:28  Barracks  
  86  8:30  Barracks  
  86  8:31  Barracks  
  86  8:32  Barracks  
  86  8:34  Siege Tank  
  89  8:50  Marauder  
  89  9:01  Starport  
  88  9:03  Starport  
  88  9:04  Hi-Sec Auto Tracking  
  88  9:08  Thor  
  94  9:10  Medivac x2  
  94  9:14  Terran Vehicle Weapons Level 1  
  94  9:16  Terran Infantry Weapons Level 2  
  98  9:19  SCV  
  98  9:20  Orbital Command  
  99  9:26  SCV  
  100  9:31  SCV  
  100  9:36  Supply Depot  
  101  9:38  SCV  
  101  9:42  Missile Turret  
  102  9:54  Orbital Command  
  102  10:02  Missile Turret  
  102  10:21  Starport Reactor  
  102  10:24  Barracks Tech Lab  
  102  10:25  Starport Reactor, Barracks Tech Lab, Barracks Reactor x2  
  102  10:26  Barracks Reactor  
  102  10:30  Supply Depot  
  102  10:35  Marine  
  103  10:36  Marine  
  103  10:37  Marine  
  103  10:38  Supply Depot  
  103  10:40  Thor  
  103  10:42  Viking x2  
  115  10:52  Supply Depot  
  115  10:53  Marine  
  115  10:54  Marine  
  115  10:55  SCV x3  
  120  11:02  Terran Ship Weapons Level 1  
  120  11:03  Terran Infantry Armor Level 2, Supply Depot  
  120  11:12  Marine x2  
  120  11:13  Marine x4  
  120  11:14  Marine  
  120  11:15  Marauder x3  
  120  11:18  Viking x4  
  141  11:19  Viking  
  141  11:22  Thor  
  141  11:25  SCV x3  
  152  11:29  Refinery  
  152  11:33  Refinery  
  152  11:37  Marine x3, SCV x2  
  152  11:38  Marine x2  
  159  11:40  Medivac  
  161  11:59  Supply Depot  
  161  12:01  Terran Infantry Weapons Level 3  
  161  12:02  Supply Depot, Terran Vehicle Weapons Level 2  
  161  12:22  Supply Depot  
  161  12:26  Supply Depot  
  161  12:31  Command Center  
  147  12:38  Marine x5  
  147  12:39  Marine  
  127  12:57  Marine  
  127  12:58  Marine x10  
  116  13:07  Terran Ship Weapons Level 2  
  116  13:11  Medivac x2  
  120  13:13  SCV  
  120  13:14  SCV  
  120  13:15  Marine  
  120  13:16  Marine x7  
  130  13:34  Marauder  
  130  13:35  Marauder x2  
  130  13:37  Thor  
  130  13:39  Medivac x2  
  130  13:40  Viking x2  
  150  13:55  Orbital Command  
  150  13:56  SCV x3  
  153  14:08  SCV x3  
  150  14:20  SCV x2  
  148  14:24  Stimpack, Combat Shield  
  148  14:27  Smart Servos  
  140  14:41  SCV x3  
  140  14:42  SCV  
  136  14:53  SCV  
  136  14:54  Siege Tank, SCV x3  
  150  15:05  SCV  
  150  15:06  SCV x3  
  154  15:18  SCV  
  135  15:24  Viking x3  
  135  15:25  Viking x3  
  135  15:26  Marine x4  
  135  15:38  SCV x4  
  138  15:50  SCV  
  138  15:54  Viking x3  
  110  16:04  Marine x11  
  113  16:15  Viking x3  
  106  16:22  Marine x4  
  101  16:30  Marine x2  
  101  16:31  Marine x3  
  83  16:51  Medivac x2  
  83  16:52  Siege Tank  
  83  16:54  Marauder x3, Marine x4  
  100  17:06  Marine x2  
  100  17:07  Viking x2  
  106  17:13  Terran Infantry Armor Level 3  
  106  17:24  Command Center, Siege Tank  
  106  17:27  Concussive Shells  
  109  17:33  Viking x2  
  109  17:34  Viking  
  109  17:36  Marine x3  
  109  17:37  Marine x2  
  118  17:38  Medivac x2  
  124  18:09  Orbital Command  
  124  18:15  Marine x5  
  124  18:16  Marine x2  
  124  18:17  Siege Tank  
  124  18:18  Marauder  
  124  18:19  Marauder x2  
  140  18:20  Viking x6  
  140  18:25  Supply Depot x2  
  151  18:50  Viking  
  151  18:51  Marine x11  
  162  19:02  Viking x4  
  170  19:03  Siege Tank  
  170  19:08  Marine  
  170  19:09  Marine  
  175  19:16  SCV x4  
  175  19:17  Marine, SCV  
  180  19:18  Marine x8  
  187  19:28  SCV  
  169  19:35  Siege Tank  
  160  19:39  Reaper  
  161  19:47  Marine x9  
  161  19:49  Viking x3  
  172  20:02  Marine  
  172  20:04  Viking x2  
  172  20:05  Marine x4  
  175  20:29  Refinery  
  175  20:30  Refinery  
Tags
 
League
Silver
Matchup
PvT
Replay Pack
Multiplayer
Spawn Locations
Cross Positions
Add a new tag
Caveats
  • Supply blocks, unpowered buildings, or Contaminate may cause inaccurate times.
  • Supply counts are checked every 10 seconds.